 Dungeon Crawl Stone Soup version 0.22-a0-596-gfbd32a6 (webtiles) character file.

23156 Lianjan the Thaumaturge (level 12, -1/72 HPs)
             Began as a Deep Elf Fire Elementalist on July 5, 2018.
             Was a High Priest of Vehumet.
             Slain by a crocodile (9 damage)
             ... on level 1 of the Lair of Beasts.
             The game lasted 00:55:53 (17403 turns).

Lianjan the Thaumaturge (DEFE)                     Turns: 17403, Time: 00:55:54

Health: -1/72      AC:  7    Str: 12    XL:     12   Next: 69%
Magic:  18/31      EV: 16    Int: 25    God:    Vehumet [*****.]
Gold:   1131       SH:  9    Dex: 15    Spells: 11/37 levels left

rFire    . . .     SeeInvis +   a - +0 whip of Bazxuw {venom, +Rage Str+3}
rCold    + . .     Gourm    .   M - +0 shield
rNeg     + . .     Faith    .   R - +0 leather armour {rN+}
rPois    +         Spirit   .   (no helmet)
rElec    .         Reflect  .   C - +1 cloak
rCorr    +         Harm     .   g - +0 pair of gloves
MR       +....                  i - +0 pair of boots
Stlth    ++........             V - amulet "Nafruyr" {Acrobat rPois rC+ SInv}
HPRegen  0.22/turn              G - ring of resist corrosion
MPRegen  0.22/turn              T - +3 ring of intelligence

@: no status effects
A: no striking features
a: Renounce Religion, Evoke Berserk Rage


You were on level 1 of the Lair of Beasts.
You worshipped Vehumet.
Vehumet was extremely pleased with you.
You were not hungry.

You visited 3 branches of the dungeon, and saw 14 of its levels.
You also visited: Ossuary.

You collected 1131 gold pieces.

Inventory:

Hand Weapons
 a - the +0 whip of Bazxuw (weapon) {venom, +Rage Str+3}
   (You found it on level 4 of the Dungeon)

   It poisons the flesh of those it strikes.
   It affects your strength (+3).
   It lets you go berserk.
 b - a +0 hunting sling
Missiles
 m - 278 stones (quivered)
Armour
 g - a +0 pair of gloves (worn)
 i - a +0 pair of boots (worn)
 n - a +2 robe of fire resistance
 B - the +2 large shield of the Learner {rElec Dex+2 Stlth+}
   (You found it on level 5 of the Dungeon)

   It affects your dexterity (+2).
   It insulates you from electricity.
   It makes you more stealthy.
 C - a +1 cloak (worn)
 I - a +2 robe of positive energy
 M - a +0 shield (worn)
 R - a +0 leather armour of positive energy (worn)
Jewellery
 e - an uncursed ring of flight
 l - an uncursed ring of protection from fire
 A - a +5 ring of evasion
 D - an uncursed ring of ice
 E - the ring "Vygrad" {rElec Dex-2}
   (You took it off an orc on level 8 of the Dungeon)

   [ring of dexterity]

   It affects your dexterity (-2).
   It insulates you from electricity.
 G - a ring of resist corrosion (left hand)
 T - a +3 ring of intelligence (right hand)
 V - the amulet "Nafruyr" (around neck) {Acrobat rPois rC+ SInv}
   (You found it on level 10 of the Dungeon)

   [amulet of the acrobat]

   It helps you evade while moving and waiting.
   It protects you from cold.
   It protects you from poison.
   It lets you see invisible.
Wands
 p - a wand of clouds (3)
 J - a wand of digging (34)
Scrolls
 d - a scroll of identify
 h - 9 scrolls of teleportation
 k - 7 scrolls of remove curse
 q - 2 scrolls of magic mapping
 r - a scroll of enchant weapon
 F - 2 scrolls of amnesia
 O - a scroll of fog
 P - a scroll of holy word
 S - 2 scrolls of fear
 W - a scroll of enchant armour
 Y - a scroll of blinking
Potions
 f - 4 potions of curing
 o - 8 potions of heal wounds
 s - 3 potions of mutation
 u - 5 potions of haste
 w - 3 potions of cancellation
 x - 3 potions of agility
 z - 2 potions of resistance
 K - a potion of brilliance
 N - a potion of invisibility
 Q - a potion of flight {unknown}
 U - a potion of ambrosia {unknown}
Comestibles
 c - 18 rations
 j - 8 chunks of flesh


   Skills:
 - Level 7.0 Fighting
 - Level 10.1 Dodging
 - Level 2.4 Stealth
 + Level 5.8 Shields
 + Level 13.3 Spellcasting
 + Level 9.5 Conjurations
 - Level 3.0 Translocations
 + Level 9.2 Fire Magic
 - Level 6.0 Earth Magic


You had 11 spell levels left.
You knew the following spells:

 Your Spells              Type           Power        Failure   Level  Hunger
a - Flame Tongue          Conj/Fire      #####        1%          1    None
b - Stone Arrow           Conj/Erth      ######       1%          3    None
c - Inner Flame           Hex/Fire       #####...     1%          3    None
d - Sticky Flame          Conj/Fire      ######..     1%          4    None
e - Fireball              Conj/Fire      ######....   2%          5    ###....
f - Blink                 Tloc           N/A          6%          2    None
g - Conjure Flame         Conj/Fire      ######..     1%          3    None
h - Passwall              Tmut/Erth      ####....     6%          2    None
i - Mephitic Cloud        Conj/Pois/Air  ####....     3%          3    None

Your spell library contained the following spells:

 Spells                   Type           Power        Failure   Level  Hunger
 Magic Dart               Conj           ####         1%          1    None
 Slow                     Hex            ###.....     22%         2    None
 Throw Flame              Conj/Fire      ######       1%          2    None
 Freezing Cloud           Conj/Ice/Air   ####......   80%         6    #####..
 Ring of Flames           Chrm/Fire      #####.....   100%        7    ######.
 Call Imp                 Summ           ###.....     22%         2    None
 Summon Demon             Summ           ###.......   99%         5    ###....
 Recall                   Summ/Tloc      N/A          24%         3    None
 Shadow Creatures         Summ           N/A          100%        6    #####..
 Lee's Rapid Deconstruct  Erth           #####.....   10%         5    ###....
 Sandblast                Erth           #####.       1%          1    None
 Petrify                  Tmut/Erth      ####....     38%         4    None
 Aura of Abjuration       Summ           ###.......   99%         5    ###....
 Summon Forest            Summ/Tloc      ###.......   91%         5    ###....
 Summon Mana Viper        Hex/Summ       ###.....     99%         5    ###....
 Poisonous Vapours        Pois/Air       ###...       22%         2    None


Dungeon Overview and Level Annotations

Branches:
Dungeon (12/15)            Temple (1/1) D:6            Lair (1/6) D:11
    Orc (0/2) D:12

Altars:
Ashenzari
Cheibriados
Dithmenos
Elyvilon
Fedhas
Gozag
Hepliaklqana
Kikubaaqudgha
Makhleb
Nemelex Xobeh
Okawaru
Qazlal
Ru
Sif Muna
Trog
Uskayaw
Vehumet
Wu Jian
Yredelemnul
Zin
The Shining One

Shops:
D:5 :   D:11 (=[?}


Message History

The eight-headed hydra bites you!
You block the eight-headed hydra's attack.
Casting: Stone Arrow (safe; 1% risk of failure)
Confirm with . or Enter, or press ? or * to list all spells.
Aiming: Flame Tongue (safe; 1% risk of failure)
Press: ? - help, Shift-Dir - straight line, f/p - eight-headed hydra
Aim: an eight-headed hydra (almost dead, covered in liquid flames)
The flame tongue hits the eight-headed hydra.
The eight-headed hydra is almost dead.
The eight-headed hydra burns!
The eight-headed hydra bites you! x2
* * * LOW HITPOINT WARNING * * *
You block the eight-headed hydra's attack.
The eight-headed hydra bites you!
* * * LOW HITPOINT WARNING * * *
You block the eight-headed hydra's attack.
The eight-headed hydra barely misses you. x2
The eight-headed hydra bites you but does no damage.
A basilisk comes into view.
The crocodile bites you!
You die...

...)...#...........
......##..S.......#
...####...........##
....# ##............
.....# #............
......##............
..................#
.......Dt.........#.
.......@............
....................
....................
.......#............
......##............
.#.... #............
##F.. #......l.....
.... #............


You could see an eight-headed hydra (burning), a spiny frog, a basilisk, a water
moccasin (wandering) and a crocodile.

Vanquished Creatures
  Kirke (D:12)
  Erolcha (D:9)
  Erica (D:8)
  2 hydras
  Sonja (D:11)
  2 unseen horrors
  Pikel (D:8)
  2 cyclopes
  An ugly thing (D:11)
  Psyche (D:11)
  2 spiny frogs
  Joseph (D:8)
  A komodo dragon (D:11)
  A troll (D:12)
  A hornet (D:11)
  Grinder (D:4)
  A hippogriff (D:11)
  A spriggan (D:8)
  A wyvern (D:11)
  Sigmund (D:6)
  27 yaks
  Grum (D:8)
  A steam dragon (D:11)
  2 hungry ghosts
  2 acid dragons
  A water moccasin (Lair:1)
  2 soldier ants
  A water moccasin (shapeshifter) (D:12)
  2 black bears (D:7)
  A slave (D:8)
  7 orc warriors
  3 phantoms
  4 ice beasts
  A necrophage (D:12)
  2 wolves (D:8)
  2 sky beasts
  An eye of draining (D:11)
  5 centaurs
  9 ogres
  A big kobold (D:5)
  10 bullfrogs
  A wyvern skeleton (D:9)
  3 scorpions
  7 wights
  19 killer bees
  A howler monkey (D:10)
  5 crimson imps
  A bullfrog zombie (D:12)
  3 centaur zombies
  A quasit (D:11)
  2 jellies
  11 orc priests
  5 hounds
  10 orc wizards
  2 bullfrog skeletons
  Ijyb (D:3)
  Jessica (D:2)
  4 centaur skeletons
  3 iguanas
  11 worker ants
  2 big kobold zombies (Ossuary)
  A hound zombie (D:10)
  A hound skeleton (D:8)
  2 mummies (Ossuary)
  A worker ant zombie (D:10)
  A gnoll (D:4)
  12 adders
  3 shadow imps
  3 oozes
  A worm (D:2)
  10 dart slugs
  10 leopard geckos
  62 orcs
  6 bats
  5 giant cockroaches
  A gnoll zombie (Ossuary)
  7 goblins
  10 hobgoblins
  11 jackals
  2 quokkas
  A ball python (D:7)
  4 frilled lizards
  4 goblin zombies (Ossuary)
  4 hobgoblin zombies (Ossuary)
  14 kobolds
  2 orc zombies (Ossuary)
  7 rats
387 creatures vanquished.

Vanquished Creatures (others)
  3 humans (D:12)
  3 slaves (D:8)
  An ice beast (D:8)
  2 centaurs (D:12)
  3 hounds
  An orc priest (D:8)
  An orc wizard (D:8)
  3 orcs (D:8)
  A plant (D:11)
18 creatures vanquished.

Grand Total: 405 creatures vanquished

Notes
Turn   | Place    | Note
-------+----------+-------------------------------------------
     0 | D:1      | Lianjan the Deep Elf Fire Elementalist began the quest for the Orb.
     0 | D:1      | Reached XP level 1. HP: 10/10 MP: 6/6
    89 | D:1      | Reached XP level 2. HP: 15/15 MP: 2/8
   535 | D:1      | Reached skill level 4 in Spellcasting
   598 | D:1      | Reached XP level 3. HP: 19/19 MP: 6/10
   746 | D:1      | Learned a level 3 spell: Conjure Flame
   750 | D:1      | Learned a level 3 spell: Inner Flame
  1115 | D:2      | Noticed Jessica
  1118 | D:2      | Killed Jessica
  1118 | D:2      | Reached XP level 4. HP: 24/24 MP: 8/12
  1346 | D:2      | Found a glowing silver altar of Zin.
  1621 | D:2      | Reached skill level 5 in Spellcasting
  1709 | D:2      | Learned a level 4 spell: Sticky Flame
  1829 | D:3      | Noticed Ijyb
  1837 | D:3      | Killed Ijyb
  1839 | D:3      | Reached XP level 5. HP: 28/28 MP: 2/14
  3299 | D:4      | Noticed Grinder
  3309 | D:4      | Paralysed by Grinder for 3 turns
  3312 | D:4      | Killed Grinder
  3312 | D:4      | Reached skill level 6 in Spellcasting
  3312 | D:4      | Reached XP level 6. HP: 32/32 MP: 4/17
  3572 | D:4      | Got an iridescent whip
  3573 | D:4      | Identified the +0 whip of Bazxuw {venom, +Rage Str+3} (You found it on level 4 of the Dungeon)
  4011 | D:4      | Found a glowing golden altar of the Shining One.
  4016 | D:4      | Noticed Blork the orc
  4040 | D:4      | Reached XP level 7. HP: 24/37 MP: 0/18
  4093 | D:4      | Noticed Blork
  4093 | D:4      | Blork the orc changed into Blork the gnoll
  4307 | D:4      | Killed Blork the gnoll
  4349 | D:4      | Found a basalt altar of Yredelemnul.
  4655 | D:5      | Entered Level 5 of the Dungeon
  4681 | D:5      | Reached skill level 1 in Fighting
  4737 | D:5      | Found a sparkling altar of Nemelex Xobeh.
  4737 | D:5      | Found an opulent altar of Gozag.
  5086 | D:5      | Reached skill level 5 in Fire Magic
  5370 | D:5      | Reached skill level 5 in Dodging
  5370 | D:5      | Reached skill level 7 in Spellcasting
  5373 | D:5      | Got a warped large shield
  5382 | D:5      | Identified the +2 large shield of the Learner {rElec Dex+2 Stlth+} (You found it on level 5 of the Dungeon)
  5438 | D:5      | You fall through a shaft for 3 floors!
  5438 | D:8      | Noticed a yak
  5440 | D:8      | Noticed a yak
  5442 | D:8      | Noticed a yak
  5443 | D:8      | Killed a yak
  5443 | D:8      | Reached XP level 8. HP: 45/45 MP: 9/21
  5454 | D:8      | Reached skill level 8 in Spellcasting
  5687 | D:8      | Learned a level 5 spell: Fireball
  5726 | D:8      | Noticed Pikel
  5737 | D:8      | Reached XP level 9. HP: 52/52 MP: 9/23
  5738 | D:8      | Killed Pikel
  5738 | D:8      | Reached skill level 9 in Spellcasting
  5738 | D:8      | Reached skill level 5 in Conjurations
  5994 | D:8      | Got a scorched silver ring
  6050 | D:8      | Noticed Erica
  6069 | D:8      | HP: 1/52 [Erica/orb of energy (17)]
  6079 | D:8      | Noticed Grum
  6089 | D:8      | Killed Grum
  6089 | D:8      | Killed Erica
  6284 | D:8      | Identified the cursed ring "Vygrad" {rElec Dex-2} (You took it off an orc on level 8 of the Dungeon)
  6891 | D:6      | Noticed Sigmund
  6906 | D:6      | Killed Sigmund
  6906 | D:6      | Reached XP level 10. HP: 55/58 MP: 9/25
  6906 | D:6      | Reached skill level 10 in Spellcasting
  6968 | D:6      | Found a staircase to the Ecumenical Temple.
  6977 | Temple   | Entered the Ecumenical Temple
  7041 | Temple   | Became a worshipper of Vehumet
  7078 | D:6      | Reached skill level 5 in Fighting
  7137 | D:6      | Found a sand-covered staircase.
  7155 | Ossuary  | Entered an ossuary
  7550 | Ossuary  | Reached * piety under Vehumet
  7550 | Ossuary  | Offered knowledge of Magic Dart by Vehumet.
  7730 | D:5      | Learned a level 2 spell: Blink
  7734 | D:5      | Learned a level 3 spell: Stone Arrow
  7737 | D:5      | Learned a level 2 spell: Passwall
  7741 | D:5      | Learned a level 3 spell: Mephitic Cloud
  8015 | D:5      | Found Gyrph's Book Boutique.
  9129 | D:7      | Reached skill level 1 in Shields
  9416 | D:7      | Found a white marble altar of Elyvilon.
  9786 | D:8      | Noticed Joseph
  9796 | D:8      | Killed Joseph
 10203 | D:9      | Noticed Erolcha
 10208 | D:9      | Killed Erolcha
 10210 | D:9      | Reached skill level 11 in Spellcasting
 10218 | D:9      | Offered knowledge of Throw Frost by Vehumet.
 10479 | D:9      | Reached ** piety under Vehumet
 10617 | D:9      | Noticed a cyclops
 10622 | D:9      | Reached XP level 11. HP: 64/64 MP: 6/28
 11749 | D:9      | Reached skill level 10 in Dodging
 11794 | D:9      | HP: 2/64 [wyvern skeleton (5)]
 12197 | D:9      | Found a hazy altar of Hepliaklqana.
 12490 | D:10     | Entered Level 10 of the Dungeon
 12708 | D:10     | Got a crude ruby amulet
 12723 | D:10     | Identified the amulet "Nafruyr" {Acrobat rPois rC+ SInv} (You found it on level 10 of the Dungeon)
 12797 | D:10     | Offered knowledge of Dazzling Spray by Vehumet.
 12986 | D:10     | Noticed a six-headed hydra
 12994 | D:10     | Killed a six-headed hydra
 12994 | D:10     | Reached skill level 1 in Earth Magic
 13243 | D:10     | Reached *** piety under Vehumet
 13685 | D:11     | Found Jouva's Gadget Shop.
 13837 | D:11     | Noticed Psyche
 13843 | D:11     | Killed Psyche
 13843 | D:11     | Reached skill level 12 in Spellcasting
 14074 | D:11     | Found Giwopp's Antique Weapon Shop.
 14081 | D:11     | Offered knowledge of Throw Icicle by Vehumet.
 14143 | D:11     | Noticed a cyan ugly thing
 14153 | D:11     | Killed a cyan ugly thing
 14159 | D:11     | Noticed a six-headed hydra
 14174 | D:11     | Killed a six-headed hydra
 14489 | D:11     | Found Qiatu's Antique Armour Boutique.
 14669 | D:11     | Found Sewaosant's Magic Scroll Shoppe.
 14853 | D:11     | Found Ete Muh's Jewellery Shoppe.
 15129 | D:11     | Reached XP level 12. HP: 64/72 MP: 11/30
 15190 | D:11     | Found a staircase to the Lair.
 15198 | D:11     | Noticed Sonja
 15202 | D:11     | Killed Sonja
 15207 | D:11     | Reached **** piety under Vehumet
 15438 | D:12     | Noticed Kirke
 15513 | D:11     | Reached skill level 5 in Shields
 15664 | D:12     | Offered knowledge of Force Lance by Vehumet.
 15756 | D:12     | Reached skill level 1 in Translocations
 15779 | D:12     | Reached skill level 5 in Earth Magic
 15872 | D:12     | Killed Kirke
 15872 | D:12     | Reached skill level 13 in Spellcasting
 16729 | D:12     | Reached ***** piety under Vehumet
 16729 | D:12     | Offered knowledge of Venom Bolt by Vehumet.
 16810 | D:12     | Found a staircase to the Orcish Mines.
 17172 | Lair:1   | Entered Level 1 of the Lair of Beasts
 17204 | Lair:1   | Noticed an eight-headed hydra
 17403 | Lair:1   | Slain by a crocodile

Vault maps used:
D:1:      dpeg_arrival_yet_another_circle, minmay_tetromino_s4
D:2:      kennysheep_six_static_rooms, zin_treasury, uniq_jessica
D:3:      kennysheep_slugbush, minmay_misc_feat_tiny, uniq_ijyb
D:4:      marbit_many_paths, lemuel_round_altar, first_ration,
          uniq_blork_the_orc, uniq_grinder
D:5:      cheibrodos_thug_alley, grunt_temple_overflow_opulence, serial_shops,
          nicolae_shop_behind_doors
D:6:      minmay_temple_entry_statues_fountains, nicolae_ossuary_entry_monument,
          grunt_decor_arrowhead, uniq_sigmund
D:7:      hangedman_abyss_or_decor_passed, elyvilon_altar_4
D:8:      the_bakery, uniq_pikel, uniq_erica, uniq_joseph, uniq_grum
D:9:      kennysheep_little_box, uniq_erolcha
D:10:     basic_loot_grate_trap
D:11:     david_lair_shrubbed, serial_shops, shop_fountains, shop_coins,
          nicolae_shop_behind_doors, shop, nicolae_shop_statue_plus,
          uniq_psyche, uniq_sonja
D:12:     hiddenorc2_lemuel, uniq_kirke
Temple:   eino_temple_scatter_basement
Lair:1:   beast_lair_carwin_1, grunt_megastairs_4
Ossuary:  minmay_ossuary_gauntlet

Skill      XL: |  1  2  3  4  5  6  7  8  9 10 11 12 |
---------------+-------------------------------------+-----
Conjurations   | 2 3 4 6 7 8 9 |  9.5
Spellcasting   | 4 5 6 7 8 9 11 12 13 | 13.3
Dodging        | 3 4 5 6 8 9 10 | 10.1
Fire Magic     | 4 5 6 8 9 |  9.2
Fighting       | 2 3 4 6 7 |  7.0
Shields        | 2 4 5 |  5.8
Earth Magic    | 4 6 |  6.0
Translocations | 3 |  3.0
Stealth        | |  2.4

Action                   |  1- 3 |  4- 6 |  7- 9 | 10-12 || total
-------------------------+-------+-------+-------+-------++-------
Melee: Dagger            |     5 |       |       |       ||     5
       Unarmed           |     2 |       |       |       ||     2
       Whip              |       |     5 |    84 |   222 ||   311
 Fire: Hunting sling     |       |    14 |       |       ||    14
Throw: Stone             |       |       |     2 |       ||     2
 Cast: Flame Tongue      |    63 |   114 |   121 |   200 ||   498
       Conjure Flame     |       |     6 |    18 |    28 ||    52
       Inner Flame       |       |     2 |     6 |    17 ||    25
       Fireball          |       |       |     4 |    29 ||    33
       Stone Arrow       |       |       |       |   186 ||   186
       Sticky Flame      |       |       |       |    42 ||    42
       Mephitic Cloud    |       |       |       |     6 ||     6
       Passwall          |       |       |       |     2 ||     2
       Blink             |       |       |       |     2 ||     2
Evoke: Wand              |       |       |     2 |     4 ||     6
  Use: Potion            |       |       |     2 |       ||     2
       Scroll            |       |       |    16 |     7 ||    23
 Stab: Sleeping          |       |       |     2 |     3 ||     5
       Confused          |       |       |       |     2 ||     2
  Eat: Chunk             |       |     6 |    10 |    31 ||    47
       Ration            |       |     1 |       |     2 ||     3
Armor: Robe              |     3 |    31 |    21 |    19 ||    74
       Leather armour    |       |       |       |    60 ||    60
Dodge: Dodged            |    18 |    41 |    95 |   306 ||   460
Block: Buckler           |       |       |       |    49 ||    49
       Shield            |       |       |       |    57 ||    57

Table legend:
 A = Spawn XP
 B = Non-spawn XP
 C = Spawn XP percentage of total XP
 D = Spawn monster count
 E = Non-spawn monster count
 F = Spawn count percentage of total count
 G = Total turns spent on level
                    A         B        C        D         E        F      G
               +---------+---------+-------+---------+---------+-------+---------
         Total |       0 |   33080 |   0.0 |       0 |     386 |   0.0 | 17403
               +---------+---------+-------+---------+---------+-------+---------
           D:1 |       0 |      49 |   0.0 |       0 |      24 |   0.0 |   881
           D:2 |       0 |     100 |   0.0 |       0 |      31 |   0.0 |  1210
           D:3 |       0 |     161 |   0.0 |       0 |      24 |   0.0 |  1375
           D:4 |       0 |     485 |   0.0 |       0 |      10 |   0.0 |  1244
           D:5 |       0 |     950 |   0.0 |       0 |      26 |   0.0 |  1340
           D:6 |       0 |     984 |   0.0 |       0 |      14 |   0.0 |   693
           D:7 |       0 |     837 |   0.0 |       0 |      13 |   0.0 |  1268
           D:8 |       0 |    6322 |   0.0 |       0 |      40 |   0.0 |  2863
           D:9 |       0 |    3818 |   0.0 |       0 |      38 |   0.0 |  1076
          D:10 |       0 |    2704 |   0.0 |       0 |      21 |   0.0 |  1066
          D:11 |       0 |    8836 |   0.0 |       0 |      53 |   0.0 |  2617
          D:12 |       0 |    6183 |   0.0 |       0 |      69 |   0.0 |  1173
        Lair:1 |       0 |    1505 |   0.0 |       0 |       7 |   0.0 |    57
       Ossuary |       0 |     146 |   0.0 |       0 |      16 |   0.0 |   457
               +---------+---------+-------+---------+---------+-------+---------
